 Dungeon Crawl Stone Soup version 0.19-a0-1111-gcceb26a (webtiles) character file.

148 Ijustatesigmund the Skirmisher (level 5, -2/43 HPs)
             Began as a Demonspawn Berserker on Aug 11, 2016.
             Was a Priest of Trog.
             Killed by divine providence
             ... invoked by an orc priest
              (13 damage)
             ... on level 3 of the Dungeon.
             The game lasted 00:06:06 (3167 turns).

Ijustatesigmund the Skirmisher (DsBe)               Turns: 3167, Time: 00:06:07

Health: -2/43      AC:  5    Str: 22    XL:     5   Next: 8%
Magic:  5/5        EV: 12    Int:  9    God:    Trog [***...]
Gold:   94         SH:  0    Dex: 13    Spells: 0 memorised, 4 levels left

rFire  . . .     SeeInvis .     a - +1 hand axe
rCold  . . .     Gourm    .     k - +0 scale mail
rNeg   . . .     Faith    .     (no shield)
rPois  .         Spirit   .     (helmet restricted)
rElec  .         Dismiss  .     (no cloak)
rCorr  +         Reflect  .     m - -2 pair of gloves (curse)
SustAt .         Harm     .     (no boots)
MR     .....                    (no amulet)
Stlth  +.........               b - ring of stealth
                                l - ring of resist corrosion

@: mighty, exhausted, slowed, very slow
A: antennae 1, repulsion field 1
a: Berserk, Trog's Hand, Burn Spellbooks, Renounce Religion


You were on level 3 of the Dungeon.
You worshipped Trog.
Trog was most pleased with you.
You were near starving.

You visited 1 branch of the dungeon, and saw 3 of its levels.

You collected 94 gold pieces.

Inventory:

Hand Weapons
 a - a +1 hand axe (weapon)
 h - a +5 club
Armour
 k - a +0 scale mail (worn)
 m - a cursed -2 pair of gloves (worn)
Jewellery
 b - a ring of stealth (right hand)
 l - a ring of resist corrosion (left hand)
Scrolls
 o - 2 scrolls of enchant weapon
 p - a scroll of teleportation {unknown}
Potions
 d - a potion of berserk rage
 e - a potion of cure mutation
 f - a potion of flight
 g - a potion of lignification
Comestibles
 c - a bread ration
 j - a meat ration


   Skills:
 + Level 4.7 Fighting
 + Level 4.0 Axes
 - Level 1.7 Armour
 - Level 1.7 Dodging


You had 4 spell levels left.
You didn't know any spells.

Dungeon Overview and Level Annotations

Branches:
Dungeon (3/15)

Altars:
Ashenzari
Trog


Innate Abilities, Weirdness & Mutations

You have a pair of small antennae on your head.
You are surrounded by a mild repulsion field. (EV +2)


Message History

The orc priest mumbles some strange prayers to Beogh against you.
Pain shoots through your body!
* * * LOW HITPOINT WARNING * * *
You are too injured to fight recklessly!
You are too injured to fight recklessly!
You are too injured to fight recklessly!
You are too injured to fight recklessly!
You are too injured to fight recklessly!
You are too injured to fight recklessly!
You are too injured to fight recklessly!
You are too injured to fight recklessly!
You are too injured to fight recklessly!
You are too injured to fight recklessly!
You are too injured to fight recklessly!
You are too injured to fight recklessly!
It was a potion of might.
You feel very mighty all of a sudden.
The orc priest mumbles some strange prayers to Beogh against you.
Beogh smites you!
You die...

#..# ##.# ). ...
.. #..# #######
#.# #))...# #.##
#.#.### ...# #.#)#
...# #.#.#
...####### #.#@#
.........# #.#o#
...####.## #.#.#
...# #.# #.#.#
...####.######.#.#
...............#.#
#######.########.#
#.# #.# #.#


You could see an orc priest.

Vanquished Creatures
  An orc priest (D:3)
  Ijyb (D:2)
  3 adders (D:2)
  An ooze (D:1)
  2 dart slugs (D:2)
  4 giant geckos
  4 orcs (D:3)
  4 bats
  A giant cockroach (D:2)
  5 hobgoblins
  3 giant newts (D:1)
  6 goblins
  12 kobolds
  10 rats
57 creatures vanquished.

Notes
Turn   | Place    | Note
-------+----------+-------------------------------------------
     0 | D:1      | Ijustatesigmund the Demonspawn Berserker began the quest for the Orb.
     0 | D:1      | Reached XP level 1. HP: 18/18 MP: 1/1
   276 | D:1      | Gained mutation: You are surrounded by a mild repulsion field. (EV +2) [demonic ancestry]
   276 | D:1      | Reached XP level 2. HP: 7/24 MP: 2/2
  1017 | D:2      | Reached ** piety under Trog
  1017 | D:2      | Reached XP level 3. HP: 19/30 MP: 3/3
  1227 | D:2      | Found a bloodstained altar of Trog.
  1251 | D:2      | Found a shattered altar of Ashenzari.
  1825 | D:2      | Noticed Ijyb
  1842 | D:2      | Killed Ijyb
  1842 | D:2      | Gained mutation: You have a pair of small antennae on your head. [demonic ancestry]
  1842 | D:2      | Reached XP level 4. HP: 12/38 MP: 4/4
  3156 | D:3      | Reached *** piety under Trog
  3156 | D:3      | Reached XP level 5. HP: 43/43 MP: 5/5
  3167 | D:3      | Killed from afar by an orc priest

Vault maps used:
D:1:      matt_arrival_grand_opening
D:2:      grunt_temple_overflow_open, uniq_iyjb

Skill      XL: |  1  2  3  4 |
---------------+-------------+-----
Axes           | 3 4 |  4.0
Fighting       | 4 |  4.7
Armour         | |  1.7
Dodging        | |  1.7

Action                   |  1- 3 |  4- 6 || total
-------------------------+-------+-------++-------
Melee: Hand axe          |   138 |    63 ||   201
Invok: Berserk           |     1 |     1 ||     2
  Use: Scroll            |     6 |     3 ||     9
       Potion            |       |     1 ||     1
  Eat: Chunk             |     4 |     2 ||     6
       Fruit             |       |     2 ||     2
Armor: Animal skin       |     7 |       ||     7
       Leather armour    |     3 |       ||     3
       Scale mail        |    25 |    18 ||    43
Dodge: Dodged            |    94 |    31 ||   125
